 Dungeon Crawl Stone Soup version 0.25-a0-949-gdd2af9e06e (webtiles) character file.

Game seed: 14163421753471646317, levelgen mode: deterministic

232 Essalna the Gusty (level 6, -2/35 HPs)
             Began as a Tengu Air Elementalist on May 8, 2020.
             Slain by Grinder (7 damage)
             ... on level 3 of the Dungeon.
             The game lasted 00:07:29 (3421 turns).

Essalna the Gusty (Tengu Air Elementalist)          Turns: 3421, Time: 00:07:30

Health: -2/35      AC:  2    Str:  8    XL:     6   Next: 4%
Magic:  11/11      EV: 14    Int: 17    God:
Gold:   175        SH:  0    Dex: 20    Spells: 5/11 levels left

rFire    . . .     SeeInvis .   g - +2 hand axe (vorpal)
rCold    . . .     Gourm    .   (no shield)
rNeg     . . .     Faith    .   a - +0 robe
rPois    .         Spirit   .   (helmet restricted)
rElec    .         Reflect  .   (no cloak)
rCorr    .         Harm     .   (no gloves)
MR       .....                  (boots unavailable)
Stlth    ++........             (no amulet)
HPRegen  0.11/turn              b - +5 ring of dexterity
MPRegen  0.12/turn              (no ring)

@: brilliant, hasted, very quick
A: beak, talons 3, able to fly
a: Fly


You were on level 3 of the Dungeon.
You were not hungry.

You visited 1 branch of the dungeon, and saw 3 of its levels.

You collected 175 gold pieces.

Inventory:

Hand Weapons
 g - a +2 vorpal hand axe (weapon)
Armour
 a - a +0 robe (worn)
Jewellery
 b - a +5 ring of dexterity (left hand)
Scrolls
 d - 2 scrolls of teleportation {unknown}
 h - a scroll of fog {unknown}
 i - a scroll of random uselessness {unknown}
 j - a scroll of immolation {unknown}
 m - 2 scrolls of identify {unknown}
 n - a scroll of remove curse {unknown}
 o - a scroll of magic mapping {unknown}
Comestibles
 c - 7 rations
 l - 4 chunks of flesh


   Skills:
 + Level 1.9 Fighting
 + Level 1.9 Armour
 + Level 3.0 Dodging
 - Level 2.0 Stealth
 + Level 3.0 Spellcasting
 + Level 3.4 Conjurations
 + Level 5.3 Air Magic


You had 5 spell levels left.
You knew the following spells:

 Your Spells              Type           Power        Failure   Level  Hunger
a - Shock                 Conj/Air       ####         3%          1    None
b - Swiftness             Chrm/Air       ###.....     9%          2    None
c - Static Discharge      Conj/Air       ####....     9%          3    None

Your spell library contained the following spells:

 Spells                   Type           Power        Failure   Level  Hunger
 Airstrike                Air            ####......   21%         4    None
 Lightning Bolt           Conj/Air       ####......   63%         5    None


Dungeon Overview and Level Annotations

Branches:
Dungeon (3/15)

Altars:
Fedhas
Nemelex Xobeh

Annotations:
D:3 Grinder


Innate Abilities, Weirdness & Mutations

You have a beak for a mouth.
You have claws for feet.
You can fly continuously.


Message History

You hit Grinder. You claw Grinder. You peck Grinder.
Grinder is heavily wounded.
Grinder hits you!
You writhe in agony.
You closely miss Grinder. You claw Grinder.
Grinder is heavily wounded.
Grinder misses you.
You completely miss Grinder. Your peck misses Grinder.
Grinder is heavily wounded.
Grinder hits you!
* * * LOW HITPOINT WARNING * * *
It was a potion of magic.
Magic courses through your body.
Grinder says, "DUCK!"
Grinder blinks!
It was a potion of brilliance.
You feel clever all of a sudden.
It was a potion of haste.
You feel yourself speed up.
You hit Grinder. You claw Grinder. You peck Grinder.
Grinder is almost dead.
Grinder hits you!
You die...

###### #.# . .
.)...# #.# .#.
.###.## #.# ..# ## .
..##..###)# #.# .#..
...##.....####.##..#
...######.......<#
...# ##.##..#.##
...# #.<##....###...
...# ##.####@......#
..## #.# #5#..#...
.## #.# ... ## ##
... ##..# #.# ##.#
### .# .# .#


You could see Grinder.

Vanquished Creatures
  A sky beast (D:2)
  Natasha (twice) (D:2)
  2 adders (D:2)
  4 worms (D:2)
  5 dart slugs
  2 leopard geckos (D:1)
  2 orcs (D:3)
  3 giant cockroaches (D:1)
  7 hobgoblins
  A kobold (D:2)
  A quokka (D:2)
  8 bats
  4 frilled lizards
  3 goblins
  8 rats
53 creatures vanquished.

Notes
Turn   | Place    | Note
-------+----------+-------------------------------------------
     0 | D:1      | Essalna the Tengu Air Elementalist began the quest for the
                  | Orb.
     0 | D:1      | Reached XP level 1. HP: 10/10 MP: 4/4
   477 | D:1      | Reached XP level 2. HP: 15/15 MP: 6/6
   877 | D:1      | Reached XP level 3. HP: 20/20 MP: 7/7
  1844 | D:2      | Reached XP level 4. HP: 24/24 MP: 1/8
  1939 | D:2      | Reached skill level 1 in Fighting
  2384 | D:2      | Found a blossoming altar of Fedhas.
  2385 | D:2      | Found a sparkling altar of Nemelex Xobeh.
  2386 | D:2      | Noticed Natasha
  2393 | D:2      | Killed Natasha
  2393 | D:2      | Reached skill level 1 in Armour
  2919 | D:2      | Noticed Natasha
  2927 | D:2      | Killed Natasha
  2927 | D:2      | Gained mutation: You can fly continuously. [Tengu growth]
  2927 | D:2      | Reached XP level 5. HP: 19/29 MP: 1/10
  3130 | D:3      | Reached skill level 5 in Air Magic
  3137 | D:3      | Noticed a sky beast
  3161 | D:2      | Killed a sky beast
  3161 | D:2      | Reached XP level 6. HP: 18/35 MP: 6/11
  3165 | D:2      | Learned a level 2 spell: Swiftness
  3169 | D:2      | Learned a level 3 spell: Static Discharge
  3410 | D:3      | Noticed Grinder
  3421 | D:3      | Slain by Grinder

Levels and vault maps discovered:
D:1:      zaba_arrival_water, layout_loops_ring
D:2:      layout_rooms, gammafunk_temple_overflow_statue,
          serial_co_window_serial, co_window_paths_a, co_window_paths_a,
          co_window_paths_a, co_window_corner_a, co_window_corner_a,
          co_window_corner_a, co_window_corner_b, co_window_of_opportunity_b,
          co_window_corner_cb, co_window_paths_c, co_window_corner_b,
          co_window_of_opportunity_b, co_window_cross_3, co_window_sun,
          co_window_paths_e, glass_columns_a, uniq_natasha
D:3:      layout_rooms, nicolae_overflow_hidden_temple, st_stairs_14,
          chequers_serial_rivers_marsh, minmay_rat_hole, uniq_terence,
          uniq_grinder

Skill      XL: |  1  2  3  4  5 |
---------------+----------------+-----
Conjurations   | 2 3 |  3.4
Fighting       | 1 |  1.9
Armour         | 1 |  1.9
Air Magic      | 5 |  5.3
Dodging        | 3 |  3.0
Spellcasting   | 3 |  3.0
Stealth        | |  2.0

Action                   |  1- 3 |  4- 6 || total
-------------------------+-------+-------++-------
Melee: Unarmed           |    31 |       ||    31
       Kick              |    23 |     8 ||    31
       Peck              |    16 |     5 ||    21
       Hand axe          |    50 |    33 ||    83
 Cast: Shock             |    15 |    36 ||    51
  Use: Potion            |       |     3 ||     3
 Stab: Sleeping          |     8 |     2 ||    10
       Distracted        |       |     1 ||     1
  Eat: Chunk             |     2 |     6 ||     8
Armor: Robe              |    19 |     3 ||    22
Dodge: Dodged            |    55 |    18 ||    73

Table legend:
 A = Non-vault XP
 B = Vault XP
 C = Vault XP percentage of total XP
 D = Non-vault monster count
 E = Vault monster count
 F = Vault count percentage of total count
                 A         B        C        D         E       F
            +---------+---------+-------+---------+---------+-------
      Total |     297 |      35 |  10.5 |      52 |       1 |   1.9
            +---------+---------+-------+---------+---------+-------
        D:1 |      46 |       0 |   0.0 |      24 |       0 |   0.0
        D:2 |     230 |      35 |  13.2 |      18 |       1 |   5.3
        D:3 |      21 |       0 |   0.0 |      10 |       0 |   0.0
            +---------+---------+-------+---------+---------+-------
